 Dungeon Crawl Stone Soup version 0.19-a0-1079-g88a7474 (webtiles) character file.

973865 mistymad the Invulnerable (level 27, -19/174 HPs)
             Began as a Formicid Abyssal Knight on Aug 5, 2016.
             Was a Priest of Lugonu.
             Demolished by a green death (34 damage)
             ... in Pandemonium on Aug 6, 2016.
             The game lasted 08:13:03 (126571 turns).

mistymad the Invulnerable (FoAK)                  Turns: 126571, Time: 08:13:05

Health: -19/174    AC: 45    Str: 27      XL:     27
Magic:  29/43      EV: 15    Int:  4 (5)  God:    Lugonu [***...]
Gold:   5195       SH: 40    Dex: 10 (11) Spells: 1 memorised, 24 levels left

rFire  + + +     SeeInvis +     O - +12 executioner's axe of Seah {freeze, rC+ rN+}
rCold  + + +     Gourm    .     J - +7 gold dragon armour
rNeg   + + .     Faith    .     I - +6 large shield of Ignorance {rN+ AC+4 Int-6 *Curse}
rPois  +         Spirit   .     (helmet unavailable)
rElec  +         Dismiss  .     s - +2 cloak
rCorr  +         Reflect  +     a - +4 pair of gloves of the Comet {MR+ MP+9 Dex+5}
SustAt .         Harm     .     S - +1 pair of boots {run}
MR     +++..                    G - brooch of Shielding {Reflect SH+8}
Stlth  ..........               B - ring "Rerag" {*Confuse rElec rPois rF+ SInv}
                                r - ring "Jooceroj" {rCorr rC+}

@: weakened, drained, quick
A: permanent stasis, dig shafts and tunnels, four strong arms, antennae 3,
hooves 1, blurry vision 3, clumsy 2, deformed body, deterioration 2, dopey 2,
fire resistance 1, frail 3, poison resistance, screaming 3, subdued magic 1
a: Dig, Shaft Self, Depart the Abyss, Bend Space, Banish, Renounce Religion
}: 8/15 runes: decaying, slimy, silver, glowing, magical, fiery, dark, gossamer


You were in Pandemonium.
You worshipped Lugonu.
Lugonu was most pleased with you.
You were not hungry.

You visited 11 branches of the dungeon, and saw 57 of its levels.
You visited Pandemonium 1 time, and saw 31 of its levels.
You visited the Abyss 8 times.
You visited 2 bazaars.
You also visited: Ice Cave and Volcano.

You collected 9891 gold pieces.
You spent 4696 gold pieces at shops.

Inventory:

Hand Weapons
 e - a +2 dire flail of holy wrath
 q - a +9 executioner's axe of distortion
 O - the +12 executioner's axe of Seah (weapon) {freeze, rC+ rN+}
   (You acquired it on level 1 of the Abyss)

   It has been specially enchanted to freeze those struck by it, causing extra
   injury to most foes and up to half again as much damage against particularly
   susceptible opponents.
   It can also slow down cold-blooded creatures.
   It protects you from cold.
   It protects you from negative energy.
 Y - the +4 great mace "Uhasohiati" {drain, rC+}
   (You found it on level 1 of the Depths)

   A truly terrible weapon, it drains the life of those it strikes.
   It protects you from cold.
 Z - a +2 dire flail of protection
Missiles
 K - 3 throwing nets (quivered)
Armour
 a - the +4 pair of gloves of the Comet (worn) {MR+ MP+9 Dex+5}
   (You found it on level 3 of the Elven Halls)

   It affects your dexterity (+5).
   It affects your resistance to hostile enchantments.
   It affects your magic capacity (+9).
 s - a +2 cloak (worn)
 I - the +6 large shield of Ignorance (worn) {rN+ AC+4 Int-6 *Curse}
   (You found it on level 5 of the Depths)

   It affects your AC (+4).
   It affects your intelligence (-6).
   It protects you from negative energy.
   It may re-curse itself when equipped.
 J - a +7 gold dragon armour (worn)
 S - a +1 pair of boots of running (worn)
 X - a +2 pair of boots of flying
Jewellery
 o - an uncursed ring of resist corrosion
 r - the ring "Jooceroj" (left hand) {rCorr rC+}
   (You found it on level 5 of the Vaults)

   [ring of resist corrosion]

   It protects you from cold.
 x - the ring "Zecsal" {rN+ Str+8}
   (You took it off a balrug in Pandemonium)

   [ring of positive energy]

   It affects your strength (+8).
   It protects you from negative energy.
 B - the ring "Rerag" (right hand) {*Confuse rElec rPois rF+ SInv}
   (You bought it in a shop on level 1 of the Elven Halls)

   [ring of protection from fire]

   It protects you from fire.
   It insulates you from electricity.
   It protects you from poison.
   It lets you see invisible.
   It may confuse you when you take damage.
 G - the brooch of Shielding (around neck) {Reflect SH+8}
   (You found it on level 2 of the Lair of Beasts)

   [amulet of reflection]

   It shields you and reflects attacks.
   It affects your SH (+8).
 L - an uncursed ring of protection from magic
 R - an uncursed ring of protection from fire
 U - an uncursed amulet of regeneration
 W - an uncursed ring of ice
Wands
 w - a wand of heal wounds (0/9)
Scrolls
 d - 36 scrolls of remove curse
 f - 5 scrolls of silence
 h - 17 scrolls of identify
 v - 2 scrolls of holy word
 y - 14 scrolls of magic mapping
 A - 8 scrolls of fear
 C - 3 scrolls of immolation
 M - 9 scrolls of fog
 V - 5 scrolls of summoning
Potions
 b - 4 potions of resistance
 k - 7 potions of agility
 l - 2 potions of magic
 n - a potion of beneficial mutation
 p - 3 potions of heal wounds
 t - 6 potions of ambrosia
 u - 16 potions of brilliance
 z - 12 potions of flight
 F - 4 potions of might
 H - 4 potions of cure mutation
 N - 17 potions of curing
 P - 4 potions of cancellation
 T - 4 potions of invisibility
Miscellaneous
 j - 3 boxes of beasts
 D - a sack of spiders
 E - 3 phantom mirrors
Comestibles
 c - 25 bread rations
 i - 37 meat rations
 m - 36 royal jellies


   Skills:
 O Level 27(26.8) Fighting
 * Level 25.2(26.6) Axes
 - Level 17.1(22.8) Maces & Flails
 O Level 27(26.8) Armour
 + Level 21.3(21.2) Dodging
 + Level 24.6(24.5) Shields
 - Level 15.4(15.3) Invocations
 - Level 8.6(8.5) Evocations


You had 24 spell levels left.
You knew the following spells:

 Your Spells              Type           Power        Failure   Level  Hunger
a - Repel Missiles        Chrm/Air       #.....       100%        2    ###....


Dungeon Overview and Level Annotations

Branches:
Dungeon (15/15)            Temple (0/1) D:7            Lair (6/6) D:10
  Swamp (4/4) Lair:3       Spider (4/4) Lair:2        Slime (5/5) Lair:6
    Orc (2/2) D:11            Elf (3/3) Orc:2        Vaults (5/5) D:13
  Crypt (3/3) Vaults:3       Tomb (0/3) Crypt:3      Depths (5/5) D:15
    Zot (5/5) Depths:5

Altars:
Kikubaaqudgha
Makhleb
Okawaru
Pakellas
Trog
Vehumet
Yredelemnul
Beogh
Jiyva
Lugonu

Shops:
D:5 (   D:10 }*   D:14 }   Orc:2 }[[[[   Elf:1 !}}=?:?   Elf:3 }   Vaults:2 *
Depths:2 =

Portals:
Hell: Depths:1 Depths:2 Depths:3 Depths:4 Depths:5
Abyss: Depths:1 Depths:4
Pandemonium: Depths:1 Depths:3 Depths:5
Ziggurat: Depths:5
Trove: Vaults:1 (give +5 ice dragon armour)

Annotations:
Swamp:1 Louise
Spider:4 corrupted
Elf:3 corrupted
Vaults:1 corrupted
Vaults:3 corrupted
Crypt:1 exclusion: downstairs


Innate Abilities, Weirdness & Mutations

You are under a permanent stasis effect.
You can dig through walls and to a lower floor.
Your four strong arms can wield two-handed weapons with a shield.
You have a pair of large antennae on your head. (SInv)
You have large cloven feet.
Scrolls take you much longer to read.
You are very clumsy. (Dex -4)
Armour fits poorly on your strangely shaped body.
Your body often deteriorates upon taking damage.
You are very dopey. (Int -4)
Your flesh is heat resistant. (rF+)
You are extremely frail. (-30% HP)
Your system is resistant to poisons. (rPois)
You frequently scream uncontrollably at your foes.
Your spells are a little easier to cast, but a little less powerful.


Message History

Okay, then.
You feel much better.
The monstrous corrupter stops moving altogether!
You block the Executioner's attack. x3
You block the demon trident of distortion's attack.
The Executioner closely misses you.
The Executioner hits you but does no damage. x2
The balrug evades a web.
The Executioner hits you but does no damage.
The Executioner closely misses you.
The Executioner hits you but does no damage.
You block the Executioner's attack.
The Executioner hits you but does no damage. x2
The demon trident of distortion hits you!!
* * * LOW HITPOINT WARNING * * *
Space bends around you.
* * * LOW HITPOINT WARNING * * *
You feel as though you will be weak longer.
The green death hits you!!
You die...

#6...{{&.....
..##.26§{2...?..
...###6#########
........2#..+
............####
###...1...6....#
........#.(.#.#
.....##..6(21#
#.... #.611@.#
#.... #.#.##...#
.6 #.#..#####
..+....
...#......
....#####....
..... ∩...
...#.. ... ..


You could see a Hell Sentinel, a Tzitzimitl, a hell beast, a balrug
(petrifying), a green death, 2 demonspawn, a monstrous corrupter (petrified), 2
Executioners, a monstrous black sun, a torturous demonspawn (berserk) and 2
dancing weapons.

Vanquished Creatures
  Cerebov (Pan)
  the Royal Jelly (Slime:5)
  Gloorx Vloq (Pan)
  Lom Lobon (Pan)
  2 ancient liches
  Khufu (Crypt:2)
  An orb of fire (Zot:3)
  2 juggernauts
  A greater mummy (Crypt:2)
  Bai Suzhen (Vaults:4)
  Boris (Depths:3)
  5 pandemonium lords (Pan)
  A curse toe (Zot:4)
  Margery (Crypt:3)
  2 Killer Klowns (Zot:3)
  6 golden dragons
  3 bone dragons
  A profane servitor (Crypt:3)
  Arachne (Abyss:1)
  A Brimstone Fiend (Pan)
  3 electric golems
  6 Tzitzimimeh (Pan)
  5 Hell Sentinels
  29 tentacled monstrosities
  7 Ice Fiends (Pan)
  3 Orb Guardians
  19 titans
  13 liches
  15 tentacled starspawn (Abyss:1)
  10 acid blobs
  4 sphinxes
  An eldritch tentacle (Pan)
  27 Executioners
  7 death cobs
  14 tengu reavers
  Agnes (Elf:1)
  The ghost of Xoff the Fencer, an adept MiAK of Lugonu (Spider:1)
  11 storm dragons
  Donald (Spider:4)
  6 ancient champions
  3 draconian monks (Zot:4)
  9 shadow dragons
  6 azure jellies
  16 frost giants
  4 draconian scorchers
  5 revenants
  Aizul (Swamp:1)
  5 deep elf sorcerers
  13 cacodemons
  17 vault wardens
  7 ghost moths
  6 warmongers
  3 draconian knights
  10 fire giants
  3 iron dragons
  5 curse skulls
  2 deep elf elementalists
  8 draconian zealots
  An angel (Depths:5)
  An emperor scorpion (Spider:1)
  21 balrugs (Pan)
  17 ironheart preservers
  38 very ugly things
  8 draconian shifters
  14 draconian annihilators
  7 ghouls
  5 draconian callers
  2 spriggan defenders
  26 stone giants
  A war gargoyle (Vaults:5)
  19 reapers
  6 entropy weavers
  13 green draconians
  5 vampire knights
  The ghost of Charly the Basher, a journeyman MiFi of Cheibriados (Swamp:4)
  4 deep elf demonologists
  An ophan (Abyss:1)
  Nessos (D:13)
  10 black draconians
  3 corrupters (Pan)
  11 black suns (Pan)
  19 lorocyprocas
  5 blood saints
  5 chaos champions (Pan)
  8 purple draconians
  A spectral titan (Crypt:3)
  5 white draconians
  7 yellow draconians
  11 deep elf annihilators
  15 ettins
  6 mottled draconians
  12 red draconians
  11 spark wasps
  15 blizzard demons
  25 fire dragons
  5 eidola
  An ettin (shapeshifter) (Vaults:5)
  14 great orbs of eyes
  12 deep elf death magi
  2 death oozes (Slime:5)
  23 jiangshi
  14 green deaths
  7 deep elf high priests
  2 mummy priests (Crypt:2)
  The ghost of 4thArraOfDagon the Severer, a journeyman MiBe of Trog (Orc:2)
  A merfolk impaler (Depths:2)
  A spectral quicksilver dragon (Crypt:3)
  33 vault guards
  2 quicksilver dragon skeletons
  Erolcha (D:13)
  19 yaktaur captains
  Fannar (D:10)
  2 naga warriors (Abyss:1)
  Erica (D:11)
  5 hell beasts (Pan)
  13 hydras
  8 rakshasas
  18 ice dragons
  2 catoblepae
  A juggernaut simulacrum (Pan)
  8 spriggan air magi
  9 monstrous demonspawn (Pan)
  20 ogre magi
  10 centaur warriors
  5 ghost crabs
  10 alligators
  11 death knights
  11 deep troll shamans
  9 deep troll earth magi
  29 dancing weapons
  4 tengu warriors
  6 death yaks (Lair:6)
  10 thrashing horrors (Abyss:1)
  11 spriggan berserkers
  10 vampire magi
  A hell hog (shapeshifter) (Vaults:5)
  6 hell knights
  2 shock serpents (Pan)
  Sonja (D:10)
  34 soul eaters
  44 sun demons (Pan)
  14 shadow wraiths
  54 skeletal warriors
  26 deep elf knights
  Nergalle (Lair:1)
  3 iron trolls (Depths:2)
  15 wretched stars (Abyss:1)
  44 deep trolls
  An anaconda zombie (Abyss:1)
  11 wizards
  3 fire crabs (Swamp:4)
  2 death drakes (Abyss:1)
  2 spatial maelstroms (Abyss:1)
  A cherub (Pan)
  9 shadow demons (Pan)
  6 gelid demonspawn (Pan)
  7 unseen horrors
  12 giant orange brains
  9 infernal demonspawn (Pan)
  16 deep elf archers
  12 flayed ghosts
  22 phantasmal warriors
  An orange crystal statue (Elf:1)
  9 putrid demonspawn (Pan)
  3 spriggan druids
  41 starcursed masses (Abyss:1)
  A hill giant (shapeshifter) (D:15)
  13 torturous demonspawn (Pan)
  9 orc knights
  6 harpies
  8 necromancers
  17 ironbrand convokers
  9 swamp dragons
  Pikel (D:5)
  2 lindwurms (Lair:6)
  An iron dragon zombie (Crypt:2)
  A harpy (shapeshifter) (Elf:3)
  A hell hog zombie (Crypt:1)
  19 orb spiders
  15 hill giants
  4 shining eyes
  7 griffons
  36 wolf spiders
  A mana viper (shapeshifter) (Elf:3)
  11 hornets
  7 cyclopes
  A manticore (D:13)
  4 orc sorcerers
  69 deep elf magi
  A frost giant zombie (Crypt:2)
  2 oklob plants (Lair:5)
  42 ugly things
  2 human skeletons
  A salamander (shapeshifter) (Vaults:4)
  2 worldbinders (Abyss:1)
  31 sixfirhies
  2 guardian serpents (shapeshifter)
  4 frost giant skeletons
  26 moths of wrath
  3 apocalypse crabs (Abyss:1)
  A molten gargoyle (Swamp:4)
  8 eyes of devastation
  3 black mambas
  An octopode (shapeshifter) (D:15)
  4 rust devils
  8 elephants
  Maurice (Orc:1)
  2 stone giant skeletons
  2 dire elephant zombies
  8 torpor snails
  2 gargoyles (D:11)
  2 guardian serpents (Abyss:1)
  25 orange demons
  60 smoke demons
  14 vault sentinels
  2 fire giant skeletons
  A shock serpent skeleton (Abyss:1)
  A dire elephant skeleton (Crypt:2)
  2 naga magi
  21 spiny frogs
  7 komodo dragons
  5 hellions
  2 rime drakes (shapeshifter) (Depths:2)
  52 yaktaurs
  2 kobold demonologists (D:12)
  3 rime drakes
  An iron troll zombie (Crypt:2)
  21 demonic crawlers
  22 tormentors
  A redback zombie (D:14)
  31 freezing wraiths
  A yellow draconian skeleton (Crypt:2)
  11 ancient zymes (Abyss:1)
  13 efreet
  9 ice devils
  A tengu conjurer (Depths:3)
  36 hellwings
  28 red devils
  A queen bee (Lair:1)
  3 queen bees (shapeshifter)
  A troll (shapeshifter) (D:15)
  A minotaur zombie (Crypt:1)
  15 trolls
  44 jumping spiders
  A tengu simulacrum (Vaults:2)
  30 two-headed ogres
  11 giant leeches
  8 polar bears (Lair:6)
  62 slime creatures
  Grinder (D:4)
  A hydra skeleton (Pan)
  A wolf spider simulacrum (IceCv)
  2 harpy skeletons
  A snapping turtle (shapeshifter) (Vaults:1)
  13 blink frogs
  10 bog bodies
  33 raiju
  7 boulder beetles
  An alligator zombie (Crypt:1)
  An ice dragon zombie (Crypt:2)
  A fire giant simulacrum (Crypt:2)
  A stone giant simulacrum (Abyss:1)
  Sigmund (D:2)
  3 ettin skeletons (Pan)
  74 redbacks
  A black mamba zombie (Crypt:2)
  A redback (shapeshifter) (Depths:5)
  2 fire dragon skeletons
  19 water elementals
  63 flying skulls
  18 shadows
  16 spriggans
  25 tarantellas
  An alligator skeleton (Pan)
  19 wraiths
  2 ice dragon skeletons (Pan)
  42 ynoxinuls
  7 air elementals
  A tarantella (shapeshifter) (Vaults:1)
  73 yaks
  A vampire (D:10)
  3 wyverns
  Eustachio (D:6)
  A basilisk (D:13)
  8 fire bats
  A black mamba skeleton (Pan)
  A hippogriff (shapeshifter) (Vaults:5)
  2 golden eyes
  A basilisk (shapeshifter) (Depths:2)
  18 chaos spawn
  5 fire elementals
  Grum (D:8)
  25 neqoxecs
  18 hippogriffs
  3 hungry ghosts
  2 steam dragons (Swamp:4)
  21 vampire mosquitoes
  2 spatial vortices (Abyss:1)
  12 wargs
  2 elf skeletons
  2 nagas (Abyss:1)
  A mottled dragon (shapeshifter) (D:15)
  A death yak simulacrum (IceCv)
  A soldier ant (D:9)
  Edmund (D:4)
  11 insubstantial wisps
  76 large abominations
  A water moccasin (shapeshifter) (Vaults:5)
  4 mottled dragons
  17 swamp worms
  8 hell hounds
  A giant eyeball (Depths:3)
  5 porcupines
  8 water moccasins
  A gelid demonspawn skeleton (Crypt:1)
  31 orc warriors
  An elephant zombie (Crypt:1)
  13 swamp drakes
  4 phantoms
  4 sky beasts
  An anubis guard zombie (Crypt:2)
  19 ice beasts
  An eye of draining (shapeshifter) (Abyss:1)
  7 necrophages
  40 small abominations
  24 wasps
  A black mamba simulacrum (Abyss:1)
  A spiny frog skeleton (Pan)
  An orc zombie (Vaults:1)
  15 black bears
  23 centaurs
  7 eyes of draining
  74 ogres
  4 boggarts (Depths:1)
  29 wolves
  21 crocodiles
  A hog skeleton (Crypt:2)
  4 human zombies
  28 giant frogs
  3 big kobolds
  4 earth elementals
  A wyvern zombie (D:11)
  A water moccasin skeleton (D:8)
  3 scorpions
  38 killer bees
  2 swamp dragon simulacra
  9 jellies
  11 wights
  4 howler monkeys (D:7)
  2 electric eels
  16 crimson imps
  An elf simulacrum (Crypt:3)
  2 giant frog zombies (D:10)
  8 lava snakes
  3 draconian simulacra (IceCv)
  5 quasits
  5 human simulacra
  A wasp zombie (Crypt:1)
  A centaur zombie (D:5)
  15 orc priests
  Crazy Yiuf (D:3)
  22 hounds
  8 iron imps (Abyss:1)
  5 centaur skeletons
  A giant frog skeleton (D:5)
  10 iguanas
  An iguana (shapeshifter) (Depths:5)
  10 worker ants
  2 hell rats
  A worker ant (shapeshifter) (Depths:3)
  29 orc wizards
  6 troll simulacra (IceCv)
  A wolf simulacrum (IceCv)
  19 sheep
  A spriggan simulacrum (IceCv)
  3 centaur simulacra
  3 hound skeletons
  2 mummies (Crypt:2)
  A worker ant zombie (Crypt:1)
  13 adders
  3 gnolls
  A howler monkey skeleton (D:8)
  6 naga simulacra (IceCv)
  2 ogre simulacra (IceCv)
  76 river rats
  A swamp drake zombie (Crypt:1)
  6 shadow imps
  16 white imps
  6 ufetubi (Abyss:1)
  3 oozes
  A worm (shapeshifter) (D:15)
  4 worms
  5 ball lightnings (Pan)
  2 dart slugs
  7 giant geckos
  99 orcs
  A ball python (D:1)
  16 bats
  2 giant cockroaches
  8 hobgoblins
  4 jackals (D:9)
  A quokka (Lair:1)
  7 giant newts
  12 goblins
  A jackal skeleton (D:6)
  26 kobolds
  A quokka zombie (Crypt:1)
  38 rats
  2 bushes (Bazaar)
  2 crawling corpses (Vaults:5)
  2 fire vortices (Depths:2)
  A fungus (D:10)
  A lurking horror (Abyss:1)
  A plant (D:10)
  14 starspawn tentacles (Abyss:1)
4127 creatures vanquished.

Vanquished Creatures (others)
  A tentacled monstrosity (Pan)
  A titan (Pan)
  2 deep elf blademasters (Elf:3)
  2 deep elf master archers (Elf:3)
  An Executioner (Pan)
  2 eldritch tentacles (Pan)
  A sphinx (Vaults:3)
  A fire giant (Vaults:4)
  A deep elf sorcerer (Elf:3)
  A vault warden (Vaults:1)
  2 corrupters (Pan)
  2 cacodemons (Pan)
  A curse skull (Vaults:3)
  4 emperor scorpions
  A draconian shifter (Zot:4)
  A draconian scorcher (Zot:4)
  A balrug (Pan)
  A deep elf elementalist (Elf:3)
  5 reapers (Pan)
  A war gargoyle (Vaults:4)
  3 stone giants
  3 blood saints (Pan)
  2 deep elf demonologists (Elf:3)
  A lorocyproca (Pan)
  A black sun (Pan)
  4 deep elf annihilators (Elf:3)
  A spark wasp (Spider:4)
  3 blizzard demons (Pan)
  3 green deaths (Pan)
  3 deep elf high priests
  3 deep elf death magi (Elf:3)
  A great orb of eyes (Vaults:1)
  A hell beast (Pan)
  2 yaktaur captains
  An ice dragon (shapeshifter) (Spider:4)
  A hydra (Swamp:4)
  2 rakshasas
  3 centaur warriors
  A dancing weapon (Elf:3)
  A death knight (Vaults:4)
  A shock serpent (Pan)
  5 sun demons (Pan)
  3 deep elf knights (Elf:3)
  2 small abominations
  4 soul eaters (Pan)
  A shadow wraith (Vaults:4)
  3 large abominations
  A swamp dragon (Swamp:4)
  An infernal demonspawn (Pan)
  A putrid demonspawn (Pan)
  5 deep elf archers
  An ironbrand convoker (Vaults:3)
  A torturous demonspawn (Pan)
  A wolf spider (Spider:4)
  8 deep elf magi
  4 hornets (Spider:4)
  An ugly thing (Vaults:1)
  A cyclops (D:15)
  3 sixfirhies (Pan)
  A moth of wrath (Zot:5)
  2 smoke demons
  An orange demon (Pan)
  3 tormentors (Pan)
  A demonic crawler (Spider:4)
  2 efreet (Pan)
  21 yaktaurs
  2 red devils (Pan)
  2 hellwings (Pan)
  A wind drake (shapeshifter) (Vaults:1)
  2 redbacks (Spider:4)
  2 tarantellas (Spider:4)
  A starcursed mass (Abyss:1)
  2 ynoxinuls (Pan)
  A wraith (Vaults:3)
  3 chaos spawn
  5 yaks (D:12)
  A golden eye (Abyss:1)
  A steam dragon (Swamp:4)
  4 neqoxecs (Pan)
  A mottled dragon (Swamp:4)
  4 wasps
  3 swamp drakes (Swamp:4)
  An ogre (Vaults:3)
  3 centaurs
  A scorpion (D:12)
  A quasit (Abyss:1)
  A centaur skeleton (D:5)
  An orc wizard (D:12)
  An adder (shapeshifter) (Depths:5)
  15 ball lightnings (Pan)
  4 orcs
  2 quokkas
  A giant gecko skeleton (D:5)
  A block of ice (Pan)
  A crawling corpse (Elf:3)
  250 eldritch tentacle segments (Pan)
  12 fungi
  72 plants
  25 starspawn tentacles (Abyss:1)
  253 starspawn tentacle segments (Abyss:1)
  8 withered plants (Swamp:2)
838 creatures vanquished.

Grand Total: 4965 creatures vanquished

Notes
Turn   | Place    | Note
-------+----------+-------------------------------------------
     0 | Abyss:1  | mistymad the Formicid Abyssal Knight began the quest for the Orb.
     0 | Abyss:1  | Reached XP level 1. HP: 18/18 MP: 2/2
     0 | Abyss:1  | Found a corrupted altar of Lugonu.
    61 | Abyss:1  | Noticed a manticore zombie
    62 | D:1      | Escaped the Abyss
    66 | D:1      | Reached skill level 1 in Dodging
    70 | D:1      | Reached * piety under Lugonu
   489 | D:1      | Reached XP level 2. HP: 23/24 MP: 3/3
   888 | D:1      | Reached XP level 3. HP: 29/29 MP: 4/4
  1653 | D:2      | Reached ** piety under Lugonu
  1726 | D:2      | Noticed Sigmund
  1798 | D:1      | Reached XP level 4. HP: 26/36 MP: 5/5
  2500 | D:2      | Reached XP level 5. HP: 22/42 MP: 6/6
  3027 | D:3      | Found a runed door.
  3732 | D:3      | Reached *** piety under Lugonu
  3749 | D:3      | Found a burning altar of Makhleb.
  4109 | D:4      | Reached XP level 6. HP: 49/49 MP: 7/7
  4280 | D:4      | Noticed Edmund
  4336 | D:4      | Killed Edmund
  4492 | D:4      | Noticed an ogre
  4498 | D:4      | Killed an ogre
  4498 | D:4      | Reached skill level 5 in Fighting
  4498 | D:4      | Reached XP level 7. HP: 25/56 MP: 8/8
  4795 | D:4      | Reached skill level 5 in Armour
  4890 | D:4      | Noticed Grinder
  4910 | D:4      | Killed Grinder
  4910 | D:4      | Reached skill level 5 in Axes
  4910 | D:4      | Reached XP level 8. HP: 46/64 MP: 9/9
  5045 | D:4      | Found an iron altar of Okawaru.
  5532 | D:5      | Entered Level 5 of the Dungeon
  5641 | D:5      | Found an oddly glowing altar of Pakellas.
  5706 | D:5      | Noticed Pikel
  5724 | D:5      | Killed Pikel
  5724 | D:5      | Reached XP level 9. HP: 43/72 MP: 10/10
  5870 | D:5      | Found Hakof's Weapon Emporium.
  5884 | D:5      | Bought a +0 great mace of crushing for 175 gold pieces
  5965 | D:5      | Found a burning altar of Makhleb.
  6204 | D:3      | Noticed Crazy Yiuf
  6209 | D:3      | Killed Crazy Yiuf
  6313 | D:2      | Killed Sigmund
  6313 | D:2      | Reached skill level 1 in Maces & Flails
  6631 | D:6      | Noticed a cyclops
  6943 | D:6      | Reached **** piety under Lugonu
  7079 | D:7      | Found a staircase to the Ecumenical Temple.
  7706 | D:7      | Reached XP level 10. HP: 59/82 MP: 11/11
  8615 | D:7      | mistymad: ??cyclop
  8615 | D:7      | beem: cyclop ~ cyclops[1/2]: They throw large rocks. Slow.
  8615 | D:7      | mistymad: ??cyclop[2
  8615 | D:7      | beem: cyclop ~ cyclops[2/2]: they love sheep. There are no cycsheep though.
  8668 | D:6      | Reached skill level 5 in Maces & Flails
  9454 | D:8      | Noticed Grum
  9479 | D:8      | Killed Grum
 10386 | D:8      | Reached ***** piety under Lugonu
 11026 | D:9      | Reached skill level 5 in Invocations
 11182 | D:9      | Reached XP level 11. HP: 43/90 MP: 15/15
 11592 | D:9      | Reached skill level 10 in Fighting
 11805 | D:9      | Reached skill level 10 in Armour
 12679 | D:9      | Noticed a wizard
 12711 | D:9      | Killed a wizard
 13386 | D:10     | Entered Level 10 of the Dungeon
 13396 | D:10     | Found Okofaata's Gadget Emporium.
 13551 | D:10     | Found a staircase to the Lair.
 13723 | D:10     | Reached ****** piety under Lugonu
 13960 | D:10     | Noticed Fannar
 13960 | D:10     | Noticed an unseen horror
 14119 | D:10     | Noticed an unseen horror
 14135 | D:10     | Killed an unseen horror
 14325 | D:10     | Noticed a cyclops
 14721 | Lair:1   | Entered Level 1 of the Lair of Beasts
 15244 | Lair:1   | Noticed Nergalle
 15283 | Lair:1   | Killed Nergalle
 15283 | Lair:1   | Reached skill level 1 in Shields
 15283 | Lair:1   | Reached XP level 12. HP: 42/100 MP: 17/17
 17783 | Lair:1   | murphy: now u are trying formicid?
 17947 | Lair:1   | murphy: ;)
 17951 | Lair:1   | mistymad: im randomed some intresting =)
 19085 | Lair:2   | mistymad: not bad
 19273 | Lair:2   | Noticed a four-headed hydra
 19288 | Lair:2   | Killed a four-headed hydra
 19288 | Lair:2   | Reached skill level 5 in Shields
 19463 | Lair:2   | Reached XP level 13. HP: 108/108 MP: 19/19
 19512 | Lair:2   | Found a hole to the Spider Nest.
 21318 | Lair:3   | Found a staircase to the Swamp.
 21838 | Lair:4   | Reached skill level 10 in Maces & Flails
 21928 | Lair:4   | Found a dark tunnel.
 21981 | Volcano  | Entered a volcano
 22163 | Volcano  | Noticed a centaur warrior
 22180 | Volcano  | Killed a centaur warrior
 22206 | Volcano  | Found a radiant altar of Vehumet.
 22773 | Lair:4   | Noticed a seven-headed hydra
 22786 | Lair:4   | Killed a seven-headed hydra
 22786 | Lair:4   | Reached XP level 14. HP: 89/118 MP: 20/20
 25864 | Lair:6   | Entered Level 6 of the Lair of Beasts
 26617 | Lair:6   | Reached skill level 10 in Invocations
 26874 | Lair:6   | Found a runed door.
 26911 | Lair:6   | Found a viscous altar of Jiyva.
 27018 | Lair:6   | Found a staircase to the Slime Pits.
 27745 | Lair:6   | Reached XP level 15. HP: 74/126 MP: 22/22
 27985 | Lair:6   | Got a brightly glowing ring mail
 27996 | Lair:6   | Identified the +0 ring mail of Disguise {Str+3 Stlth+} (You found it on level 6 of the Lair of Beasts)
 28318 | Lair:6   | Found a runed door.
 29732 | D:10     | Noticed Sonja
 30492 | D:11     | Found a staircase to the Orcish Mines.
 30519 | D:11     | Noticed Erica
 30535 | D:11     | Killed Erica
 30850 | Orc:1    | Entered Level 1 of the Orcish Mines
 30867 | Orc:1    | Found a bloodstained altar of Trog.
 31081 | Orc:2    | Entered Level 2 of the Orcish Mines
 31305 | Orc:2    | Found a staircase to the Elven Halls.
 31513 | Orc:2    | Found Kunon's Antique Armour Shoppe.
 31526 | Orc:2    | Reached skill level 15 in Armour
 31556 | Orc:2    | Reached skill level 15 in Fighting
 31605 | Orc:2    | Noticed 4thArraOfDagon's ghost (journeyman MiBe)
 31681 | Orc:2    | Killed 4thArraOfDagon's ghost
 31760 | Orc:2    | Found Ciabacw's Armour Emporium.
 31772 | Orc:2    | Found Efafo's Armour Shop.
 31780 | Orc:2    | Found Heyrulol's Antique Armour Shoppe.
 31988 | Orc:2    | Found a roughly hewn altar of Beogh.
 32034 | Orc:2    | Found Ywoargh's Gadget Shoppe.
 32061 | Orc:2    | Reached XP level 16. HP: 136/136 MP: 23/23
 32288 | Orc:1    | Noticed Maurice
 32307 | Orc:1    | Killed Maurice
 32712 | Orc:2    | Bought a glowing plate armour for 828 gold pieces
 32870 | D:12     | Found a frozen archway.
 32985 | IceCv    | Entered an ice cave
 33491 | IceCv    | Got a pitted scale mail
 33502 | IceCv    | Identified the +0 scale mail "Linixzua" {*Corrode rElec SInv} (You found it in an ice cave)
 33580 | IceCv    | Found an ancient bone altar of Kikubaaqudgha.
 34349 | D:12     | You fall through a shaft for 3 floors!
 34349 | D:15     | Entered Level 15 of the Dungeon
 35186 | D:13     | Found a gate to the Vaults.
 35433 | D:13     | Noticed Nessos
 35451 | D:13     | Killed Nessos
 35702 | D:13     | Noticed Erolcha
 35726 | D:13     | Killed Erolcha
 36362 | D:14     | Found Ywka Oto's Gadget Shoppe.
 36465 | D:14     | Gained mutation: Your spells are a little harder to cast, but a little more powerful. [potion of mutation]
 36465 | D:14     | Gained mutation: You have large cloven feet. [potion of mutation]
 36465 | D:14     | Gained mutation: Your muscles are strong. (Str +2) [potion of mutation]
 36813 | D:15     | Reached XP level 17. HP: 113/145 MP: 24/24
 37485 | D:15     | Found a staircase to the Depths.
 37938 | Depths:1 | Entered Level 1 of the Depths
 37938 | Depths:1 | Found a one-way gate to the infinite horrors of the Abyss.
 38099 | D:12     | Found a roughly hewn altar of Beogh.
 38619 | D:10     | Killed Fannar
 38630 | D:10     | Killed Sonja
 38778 | D:10     | Found Noprah's Assorted Antiques.
 38786 | D:10     | Bought a shimmering chain mail for 218 gold pieces
 38786 | D:10     | Bought a garnet ring for 115 gold pieces
 38791 | D:10     | Identified the +5 chain mail of Vuklobuatu {rC- rN++ Dex+5} (You bought it in a shop on level 10 of the Dungeon)
 39122 | D:6      | Noticed Eustachio
 39143 | D:6      | Killed Eustachio
 39984 | Swamp:1  | Entered Level 1 of the Swamp
 40768 | Swamp:1  | Noticed Aizul
 40773 | Swamp:1  | mistymad: ??aizul
 40773 | Swamp:1  | beem: aizul[1/1]: A guardian serpent who fell asleep on the job, letting thieves loot his vault. Disgraced, he is now a warrior! Spells: venom bolt, sleep, poison arrow. Unlike most other intelligent monsters, he cannot open doors. Very dangerous nonetheless!
 40806 | Swamp:1  | Killed Aizul
 41729 | Swamp:1  | Noticed Louise
 41824 | Spider:1 | Entered Level 1 of the Spider Nest
 42330 | Spider:1 | Noticed Xoff's ghost (adept MiAK)
 42416 | Spider:1 | Killed Xoff's ghost
 43568 | Spider:1 | Reached XP level 18. HP: 155/155 MP: 25/25
 43972 | Spider:2 | Reached skill level 15 in Maces & Flails
 43972 | Spider:2 | Reached skill level 10 in Shields
 45494 | Spider:3 | Reached skill level 5 in Dodging
 46426 | Spider:3 | Noticed Arachne
 46429 | Spider:3 | Banished Arachne
 47042 | Spider:4 | Entered Level 4 of the Spider Nest
 47523 | Spider:4 | Noticed Donald
 47593 | Spider:4 | Killed Donald
 49569 | Spider:4 | Reached XP level 19. HP: 147/163 MP: 26/26
 51346 | Spider:4 | Corrupted Spider:4
 51916 | Spider:4 | Got a gossamer rune of Zot
 52136 | Lair:2   | mistymad: ??fire dragon armour
 52136 | Lair:2   | beem: fire dragon armour[1/1]: 8AC, 11ER, rF++ rC-. Can be created by enchanting a fire dragon hide.
 52283 | Vaults:1 | Entered Level 1 of the Vaults
 52296 | Vaults:1 | Noticed a tentacled monstrosity
 52306 | Vaults:1 | Killed a tentacled monstrosity
 52805 | Vaults:1 | Corrupted Vaults:1
 52805 | Vaults:1 | Noticed a Hell Sentinel
 52805 | Vaults:1 | Noticed a profane servitor
 52805 | Vaults:1 | Noticed a bone dragon
 52808 | Vaults:1 | Noticed a hellephant
 52809 | Vaults:1 | murphy: wow
 52809 | Vaults:1 | murphy: what happened?
 52812 | Vaults:1 | murphy: how did u end up there
 52824 | Vaults:1 | murphy: abyyss probably most dangerous place for formicid
 52840 | Vaults:1 | murphy: wait
 52854 | Vaults:1 | murphy: u are not in abyss
 52857 | Vaults:1 | murphy: ?
 52866 | D:13     | murphy: oh so u corrupted it
 52866 | D:13     | murphy: phew
 52866 | D:13     | murphy: that looked dangerous
 52866 | D:13     | mistymad: lognou =)
 52866 | D:13     | mistymad: i dont know waht to do. i have no resist
 53553 | Vaults:1 | Found a portal to a secret trove of treasure.
 55093 | Vaults:2 | Reached XP level 20. HP: 118/172 MP: 27/27
 56213 | Vaults:2 | Found Faylu's General Store.
 56226 | Vaults:2 | mistymad: wow.. mot nad bow
 56226 | Vaults:2 | Bought a potion of might for 76 gold pieces
 56357 | Vaults:1 | HP: 8/172 [poisoned by a vault warden]
 56364 | Vaults:1 | HP: 8/172 [poisoned by a vault warden]
 58880 | Vaults:3 | Escaped the Abyss
 58893 | Abyss:1  | HP: 4/172 [poisoned by Arachne (bolt of poison)]
 58894 | Abyss:1  | murphy: she has low res
 58894 | Abyss:1  | murphy: low mr
 58894 | Abyss:1  | mistymad: i have no res/ no one
 58894 | Abyss:1  | mistymad: and only offensive wand
 58894 | Abyss:1  | murphy: pahtom mirror
 58894 | Abyss:1  | murphy: ?
 58916 | Abyss:1  | Killed Arachne
 58924 | Abyss:1  | mistymad: y) ty
 58942 | Abyss:1  | murphy: well done
 58960 | Abyss:1  | murphy: that was really close
 58967 | Abyss:1  | murphy: argh
 59194 | Abyss:1  | mistymad: hm...
 59194 | Abyss:1  | mistymad: ??fling sull
 59194 | Abyss:1  | beem: fling sull ~ flying skull[1/2]: Fast, swarming undead.
 59194 | Abyss:1  | mistymad: ??fling scull
 59194 | Abyss:1  | beem: fling scull ~ flying skull[1/2]: Fast, swarming undead.
 59194 | Abyss:1  | mistymad: ??fling scull[2
 59194 | Abyss:1  | beem: fling scull ~ flying skull[2/2]: Like an alarm clock for Tomb.
 59194 | Abyss:1  | murphy: where did u get this wand of healing?
 59194 | Abyss:1  | murphy: i wish had one when i played my formicids... :/
 59194 | Abyss:1  | murphy: never found wand of healing
 59194 | Abyss:1  | mistymad: 4 D
 59194 | Abyss:1  | mistymad: XD
 59194 | Abyss:1  | murphy: pff
 59194 | Abyss:1  | murphy: maybe best item for formicid
 59194 | Abyss:1  | mistymad: first time i foun it on dungeon =)
 59194 | Vaults:3 | Escaped the Abyss
 59195 | Vaults:3 | murphy: i tried 15 runes formicid
 59196 | Vaults:3 | Corrupted Vaults:3
 59197 | Vaults:3 | murphy: had 9 runes many scrolls of acq
 59198 | Vaults:3 | murphy: but no wand of healing
 59229 | Vaults:3 | murphy: died eventually cause i couldn't escape
 59232 | Vaults:3 | murphy: not heal
 59232 | Vaults:3 | mistymad: Lugonu have teleport for formicid... but its no good =(
 59232 | Vaults:3 | mistymad: like blink
 59232 | Vaults:3 | mistymad: random =(
 59622 | Vaults:3 | Reached XP level 21. HP: 164/180 MP: 28/28
 59836 | Vaults:3 | murphy: hi hairmachine
 59850 | Vaults:3 | murphy: did u win your first time today?
 59850 | Vaults:3 | hairmachine: hi
 59850 | Vaults:3 | mistymad: oh) first win =) gratz
 59850 | Vaults:3 | hairmachine: first online yes
 59850 | Vaults:3 | murphy: grats :)
 59850 | Vaults:3 | hairmachine: ta
 60031 | Vaults:3 | mistymad: i have creasy idea
 60031 | Vaults:3 | murphy: O.o
 60031 | Vaults:3 | murphy: ?
 60031 | Vaults:3 | mistymad: crasy*
 60031 | Vaults:3 | murphy: what idea?
 60031 | Vaults:3 | mistymad: try to kill some golden dragon for hide in depts ЧВ
 60031 | Vaults:3 | murphy: lol
 60031 | Vaults:3 | murphy: they won't drop
 60031 | Vaults:3 | murphy: they won't drop corpse or hide
 60031 | Vaults:3 | murphy: i was often in the same situation like u are now
 60031 | Vaults:3 | murphy: no res
 60031 | Vaults:3 | mistymad: i do it. depts before first rune.. but for gargulas
 60031 | Vaults:3 | murphy: it's really a problem
 60031 | Vaults:3 | mistymad: u =(
 60031 | Vaults:3 | mistymad: y =(
 60031 | Vaults:3 | murphy: last game my formicid
 60031 | Vaults:3 | murphy: all i had was ring of res fire
 60031 | Vaults:3 | murphy: which i fogot to use
 60031 | Vaults:3 | mistymad: and no one potions of res
 60031 | Vaults:3 | murphy: was really hard game at same point
 60031 | Vaults:3 | murphy: same for me
 60031 | Vaults:3 | mistymad: y. i have for ones + in rings too... but no rElec and Rpois
 60031 | Vaults:3 | murphy: every ice gaint was could kill me with 2-3 hits
 60031 | Vaults:3 | mistymad: =(
 60033 | Vaults:3 | murphy: oh so u have some res?
 60035 | Vaults:3 | murphy: yeah ok
 60035 | Vaults:3 | mistymad: one +
 60035 | Vaults:3 | murphy: u have shit
 60035 | Vaults:3 | murphy: problem was in my game i had no wand oh heal
 60035 | Vaults:3 | mistymad: only for giant
 60080 | Vaults:3 | murphy: so eventually i had to die
 60099 | Vaults:3 | murphy: how about u hope for res from mut?
 60099 | Vaults:3 | mistymad: im dont hope.... not from my luck) I spent all in wand XD
 60099 | Vaults:3 | mistymad: and 3 mut from pot
 60160 | Vaults:3 | Found a staircase to the Crypt.
 60373 | Vaults:3 | murphy: hm..
 60382 | Vaults:3 | murphy: go crypt?
 60382 | Vaults:3 | mistymad: no rN*
 60382 | Vaults:3 | murphy: no need for res there
 60382 | Vaults:3 | murphy: pff
 60382 | Vaults:3 | murphy: it's ok
 60382 | Vaults:3 | murphy: u can do without
 60382 | Vaults:3 | mistymad: i can drained for 00
 60382 | Vaults:3 | mistymad: XD
 60382 | Vaults:3 | murphy: huh?
 60382 | Vaults:3 | murphy: most enemies have no drain
 60382 | Vaults:3 | murphy: only zombies
 60382 | Vaults:3 | murphy: physical dmg
 60382 | Vaults:3 | mistymad: ghosts
 60382 | Vaults:3 | murphy: u can banish
 60382 | Vaults:3 | mistymad: torments =(
 60382 | Vaults:3 | murphy: the monsters hurting u
 60382 | Vaults:3 | mistymad: not all banished =(
 60382 | Vaults:3 | murphy: banish
 60382 | Vaults:3 | murphy: actually
 60382 | Vaults:3 | murphy: i wonder why u have prblem with no res
 60382 | Vaults:3 | murphy: since u can banish
 60382 | Vaults:3 | mistymad: i cant banish skull in this level
 60382 | Vaults:3 | murphy: hm..
 60401 | Vaults:3 | murphy: hm...
 60420 | Vaults:3 | murphy: do u have any spells
 60423 | Vaults:3 | mistymad: nope XD
 60423 | Vaults:3 | murphy: LRD very good vs skulls
 60423 | Vaults:3 | mistymad: and heavy armour )
 60423 | Vaults:3 | murphy: LRD very good in crypt
 60423 | Vaults:3 | murphy: u could change
 60423 | Vaults:3 | murphy: dunno
 60423 | Vaults:3 | murphy: hm...
 60423 | Vaults:3 | mistymad: i can try swamp
 60425 | Vaults:3 | mistymad: but no rpois
 60425 | Vaults:3 | murphy: which rune did u get so far?
 60425 | Vaults:3 | murphy: wow
 60425 | Vaults:3 | mistymad: ?
 60425 | Vaults:3 | murphy: u did spider without rpois
 60425 | Vaults:3 | murphy: i guess u used digging a lot
 60425 | Vaults:3 | murphy: ?
 60425 | Vaults:3 | mistymad: y) more times XD
 60425 | Vaults:3 | murphy: hm...
 60425 | Vaults:3 | mistymad: woods in swamps no digging and its a trouble =)
 60425 | Vaults:3 | murphy: still i think crypt isn't so hard
 60425 | Vaults:3 | murphy: but u need a better weapon
 60425 | Vaults:3 | mistymad: hm... maybe u right
 60425 | Vaults:3 | murphy: maybe some holy weapon?
 60425 | Vaults:3 | murphy: hm :/
 60425 | Vaults:3 | mistymad: hm. i can try
 60425 | Vaults:3 | murphy: let'
 60427 | Vaults:3 | murphy: s think a sec
 60447 | Vaults:3 | murphy: what are your options
 60447 | Vaults:3 | murphy: ?
 60447 | Vaults:3 | murphy: 1. continue in vault
 60447 | Vaults:3 | murphy: and find some res
 60447 | Vaults:3 | murphy: or not
 60447 | Vaults:3 | murphy: 2. go to swamp
 60447 | Vaults:3 | murphy: get a few xp
 60447 | Vaults:3 | murphy: and get waht?
 60447 | Vaults:3 | murphy: 3. go to depth?
 60447 | Vaults:3 | murphy: and have luck with hide
 60447 | Vaults:3 | murphy: 4. go elf?
 60447 | Vaults:3 | murphy: 5. do abyss?
 60447 | Vaults:3 | mistymad: try swamp for lirnea layout and some artifacts... try next level vault... try crypt... or try to hunt some golden dragon in depts XD
 60447 | Vaults:3 | mistymad: mb elfs
 60447 | Vaults:3 | mistymad: y. elfs
 60447 | Vaults:3 | mistymad: more loot
 60447 | Vaults:3 | murphy: i think crypt easier
 60447 | Vaults:3 | mistymad: ?
 60447 | Vaults:3 | murphy: but similar situations
 60447 | Vaults:3 | mistymad: crystal sperast dont damege me... walls digging
 60447 | Vaults:3 | murphy: elf had lot's of elemtal attacks
 60447 | Vaults:3 | mistymad: y =(
 60447 | Vaults:3 | murphy: crypt has almost none
 60447 | Vaults:3 | mistymad: kk. lets try)
 60447 | Vaults:3 | murphy: but u need better weapon
 60447 | Vaults:3 | murphy: maybe do elf
 60447 | Vaults:3 | murphy: lvl 2
 60447 | Vaults:3 | murphy: for weapon
 60447 | Vaults:3 | murphy: then do crypt
 60447 | Vaults:3 | murphy: is there really no better weapon?
 60700 | Elf:1    | Entered Level 1 of the Elven Halls
 60706 | Elf:1    | murphy: yep
 60706 | Elf:1    | murphy: this weapon will do
 60706 | Elf:1    | mistymad: ЧВ
 60706 | Elf:1    | mistymad: XD
 60707 | Elf:1    | murphy: lol
 60707 | Elf:1    | murphy: XD
 60708 | Elf:1    | mistymad: not bad
 60912 | Vaults:3 | murphy: ??torment
 60912 | Vaults:3 | beem: torment[1/3]: Effectively halves the current hit points of all living creatures in sight of the caster. Most undead have {torment immunity} (player vampires might not have it). Demonspawns might get {torment resistance} as a mutation when levelling up.
 60912 | Vaults:3 | mistymad: ty elfs
 60912 | Vaults:3 | murphy: ??torment[2
 60912 | Vaults:3 | beem: torment[2/3]: A overrated threat for extended. Do not fear: aside from {torment resistance} and {torment immunity}, one can use tactics outlined in https://crawl.develz.org/tavern/viewtopic.php?f=8&t=3443&#p43566 to deal with it.
 60912 | Vaults:3 | mistymad: ??rn
 60912 | Vaults:3 | beem: life protection[1/1]: Resistance to draining attacks, shown on artifact inscriptions as rN+. Three levels makes you completely immune. As in, it turns shadow dragons into mostly harmless kittens. Also gives partial resistance to torment (5% per level, so at rN+++, torment will make you lose 35% hp, instead of 50%).
 60912 | Vaults:3 | murphy: pff
 60912 | Vaults:3 | murphy: doesn't help that much
 60912 | Vaults:3 | mistymad: i hope kifu not walking in crypts and sleep in tomp)
 60915 | Crypt:1  | Entered Level 1 of the Crypt
 61654 | Crypt:2  | Gained mutation: Your muscles are very strong. (Str +4) [potion of mutation]
 61654 | Crypt:2  | Lost mutation: Your muscles are very strong. (Str +4) [potion of mutation]
 61847 | Crypt:2  | murphy: thos guys u should bansih maybe?
 61848 | Crypt:2  | mistymad: but in troble i can go in abbys) and this guy wait me
 62032 | Crypt:2  | Noticed a greater mummy
 62045 | Crypt:2  | Killed a greater mummy
 62048 | Crypt:2  | Noticed Khufu
 62069 | Crypt:1  | mistymad: kifu XD
 62562 | Crypt:2  | Killed Khufu
 62562 | Crypt:2  | Reached skill level 10 in Dodging
 62672 | Crypt:2  | mistymad: uff
 63700 | Crypt:2  | Reached XP level 22. HP: 160/185 MP: 29/29
 63721 | Crypt:2  | Reached skill level 15 in Shields
 64103 | Crypt:2  | murphy: have u a scroll
 64103 | Crypt:2  | murphy: ?
 64103 | Crypt:2  | mistymad: holly ?
 64732 | Crypt:2  | murphy: oh but oh shit
 64733 | Crypt:2  | murphy: wait
 64733 | Crypt:2  | murphy: wait
 64733 | Crypt:2  | murphy: wait
 64733 | Crypt:2  | mistymad: ?
 64733 | Crypt:2  | murphy: u have scroll of silence?
 64733 | Crypt:2  | mistymad: oh, right
 64750 | Crypt:2  | Found an ancient bone altar of Kikubaaqudgha.
 65310 | Crypt:3  | Entered Level 3 of the Crypt
 65580 | Crypt:3  | mistymad: hm
 65782 | Crypt:3  | Noticed Margery
 65788 | Crypt:3  | murphy: oh shit
 65797 | Crypt:3  | murphy: banish
 65797 | Crypt:3  | murphy: ?
 65946 | Crypt:2  | mistymad: no =(
 65946 | Crypt:2  | murphy: or just ignore them
 65946 | Crypt:2  | murphy: and go the toher way
 65946 | Crypt:2  | murphy: if u reach the vaults
 65946 | Crypt:2  | murphy: u will probably find some res
 65946 | Crypt:2  | murphy: hm..
 65946 | Crypt:2  | mistymad: im not shure i need 3 crypt
 65946 | Crypt:2  | murphy: sometimes magery has an artifact armouir
 65946 | Crypt:2  | murphy: with res
 65946 | Crypt:2  | mistymad: ??magery
 65946 | Crypt:2  | beem: magery ~ margery[1/2]: A lithe spellcaster escorted by hell knights. Usually wearing fire, mottled, or swamp dragon armour. Spells: bolt of fire, fireball.
 65946 | Crypt:2  | murphy: well crpyt 3 has artifact stuff
 65946 | Crypt:2  | murphy: rings
 65946 | Crypt:2  | murphy: amulet
 65946 | Crypt:2  | murphy: hopefully with res
 65946 | Crypt:2  | mistymad: i can try agi + might)
 66072 | Crypt:3  | Killed Margery
 66305 | Crypt:3  | mistymad: ring X_X
 66572 | Crypt:3  | Found a basalt altar of Yredelemnul.
 66840 | Crypt:3  | Reached skill level 10 in Axes
 66987 | Crypt:3  | Noticed a bone dragon
 67183 | Crypt:3  | Reached XP level 23. HP: 183/197 MP: 31/31
 67371 | Crypt:3  | mistymad: ??silence
 67371 | Crypt:3  | beem: silence[1/4]: Kills all sound in an area up to 6 spaces, mostly this means no spellcasting, scrolls and invocations (including Trog abilities). All G*8&12345R are unaffected, as are spit and breath spells. Lv. 6 hex/air spell in the books of Enchantments and Sky. The radius gradually decreases and for the last few turns only you will be silenced!
 67371 | Crypt:3  | mistymad: lvl 6 =(
 67832 | Crypt:3  | mistymad: new tiles?
 67835 | Crypt:3  | Got a dazzling bardiche {flame}
 67836 | Crypt:3  | Identified the +10 bardiche of the Genius {flame, rF+ Str-3 Dex+4} (You took it off a death knight on level 3 of the Crypt)
 68425 | Crypt:3  | Noticed a profane servitor
 68426 | Crypt:3  | mistymad: ??profane
 68426 | Crypt:3  | beem: fuk da sac[1/8]: http://bit.ly/1bHFx6X
 68426 | Crypt:3  | mistymad: ??profane servitor
 68426 | Crypt:3  | beem: profane servitor[1/1]: A terrible angel, with both vampiric and draining attacks, and sometimes a demon whip. Resistant to holy attacks because of its blasphemous nature! Surrounded by an unholy umbra, which cancels out halos and causes accuracy penalties (but ***+ Yred and *+ Dith worshipers are immune)
 68460 | Crypt:3  | Killed a profane servitor
 68532 | Crypt:3  | Found a staircase to the Tomb.
 68838 | Crypt:3  | Identified Sif Muna's Tome of Aerial Envenoming
 68843 | Crypt:3  | murphy: found something good?
 68843 | Crypt:3  | mistymad: rCorr only)
 68852 | Crypt:3  | murphy: :/
 68860 | Crypt:3  | murphy: what about thast bardiche?
 68865 | Crypt:3  | mistymad: polearms 6.3
 68865 | Crypt:3  | murphy: hm..
 68865 | Crypt:3  | murphy: yeah
 68868 | Crypt:3  | murphy: needs a lot of skill
 68869 | Crypt:3  | mistymad: i think i need some executioner axe)
 68869 | Crypt:3  | mistymad: enchant all and branding with logonu)
 70069 | Elf:1    | Found Mail's Jewellery Shop.
 70069 | Elf:1    | Found Xopiach's Gadget Shoppe.
 70082 | Elf:1    | Found Citos's Gadget Shoppe.
 70098 | Elf:1    | mistymad: atrgh...
 70130 | Elf:1    | Found Gozut's Book Emporium.
 70218 | Elf:1    | Found Hirgh's Magic Scroll Shoppe.
 70224 | Elf:1    | Found Jafeopp's Magic Scroll Shoppe.
 70226 | Elf:1    | mistymad: hm... 6 shops
 70226 | Elf:1    | mistymad: on one level
 70542 | Elf:1    | murphy: anything good in those shops?
 70543 | Elf:1    | mistymad: nope
 70559 | Elf:1    | murphy: i would take b
 70559 | Elf:1    | mistymad: only one.. but *confuse
 70559 | Elf:1    | murphy: and i
 70559 | Elf:1    | murphy: yes take the one with confuse
 70559 | Elf:1    | murphy: ans slaying
 70559 | Elf:1    | murphy: have u got a potion of curing?
 70559 | Elf:1    | mistymad: only 5
 70559 | Elf:1    | murphy: enough
 70559 | Elf:1    | Bought the ring "Rerag" {*Confuse rElec rPois rF+ SInv} for 501 gold pieces
 70579 | Elf:1    | mistymad: saint rocka?
 70770 | Elf:1    | Noticed Agnes
 70781 | Elf:1    | Killed Agnes
 70933 | Elf:1    | Found Fanoqe's Distillery.
 70936 | Elf:1    | mistymad: hm... 7 shops in one level O_O
 70942 | Elf:1    | mistymad: and nothing intresting XD
 71788 | Elf:2    | Reached XP level 24. HP: 192/206 MP: 32/32
 71840 | Elf:2    | Found a runed gate.
 71840 | Elf:2    | Found a runed gate.
 72013 | Elf:2    | Found a runed gate.
 72820 | Elf:3    | Entered Level 3 of the Elven Halls
 72854 | Elf:3    | Found Suddiz's Gadget Emporium.
 73319 | Elf:3    | Corrupted Elf:3
 73343 | Elf:3    | Noticed an ancient lich
 73804 | Elf:3    | Got a twisted whip {venom}
 73805 | Elf:3    | Identified the +10 whip of Uczulukk {venom, rElec Int+3} (You took it off a deep elf sorcerer on level 3 of the Elven Halls)
 74249 | Elf:3    | Got a pair of shimmering gloves
 74255 | Elf:3    | Identified the +4 pair of gloves of the Comet {MR+ MP+9 Dex+5} (You found it on level 3 of the Elven Halls)
 74275 | Elf:3    | Identified the Grimoire of Unstable Moulding (You found it on level 3 of the Elven Halls)
 74849 | Elf:1    | Bought a potion of agility for 60 gold pieces
 74849 | Elf:1    | Bought a potion of cancellation for 120 gold pieces
 74849 | Elf:1    | Bought a potion of heal wounds for 75 gold pieces
 74849 | Elf:1    | Bought 2 potions of heal wounds for 150 gold pieces
 74849 | Elf:1    | Bought a potion of magic for 120 gold pieces
 74849 | Elf:1    | Bought a potion of curing for 45 gold pieces
 74849 | Elf:1    | Bought a potion of agility for 60 gold pieces
 74849 | Elf:1    | Bought a potion of curing for 45 gold pieces
 74849 | Elf:1    | Bought a potion of curing for 45 gold pieces
 75374 | Depths:1 | Found a one-way gate leading to the halls of Pandemonium.
 75618 | Depths:1 | Found a gateway to Hell.
 75789 | Depths:1 | Found a runed door.
 75796 | Depths:1 | Found a radiant altar of Vehumet.
 75796 | Depths:1 | Noticed an ancient lich
 75825 | Depths:1 | Killed an ancient lich
 75825 | Depths:1 | Reached XP level 25. HP: 140/214 MP: 33/33
 75855 | Depths:1 | HP: 8/214 [lich/iron shot (59)]
 76222 | Depths:1 | Identified Jisomem's Tome of Battle Magic
 76488 | Depths:1 | Got a shimmering great mace
 76489 | Depths:1 | Identified the +4 great mace "Uhasohiati" {drain, rC+} (You found it on level 1 of the Depths)
 77497 | Depths:2 | Found Alol's Jewellery Boutique.
 78156 | Depths:2 | Noticed a juggernaut
 78202 | Depths:2 | Killed a juggernaut
 78674 | Depths:2 | Reached skill level 15 in Invocations
 79388 | Depths:3 | Noticed Boris
 79409 | Depths:3 | Killed Boris
 79416 | Depths:3 | Reached XP level 26. HP: 176/224 MP: 34/34
 79615 | Depths:3 | Reached skill level 1 in Evocations
 80884 | Depths:3 | Learned a level 2 spell: Repel Missiles
 80887 | Depths:3 | Learned a level 2 spell: Swiftness
 81054 | Depths:3 | You fall through a shaft for 2 floors!
 81054 | Depths:5 | Entered Level 5 of the Depths
 81464 | Depths:5 | Reached skill level 5 in Evocations
 81541 | Depths:5 | Found a flickering gateway to a bazaar.
 81547 | Bazaar   | Entered a bazaar
 81547 | Bazaar   | Found Panireclyl's Jewellery Shop.
 81547 | Bazaar   | Found Durgh's Armour Boutique.
 81547 | Bazaar   | Found Muyzem's Antique Weapon Boutique.
 81547 | Bazaar   | Found Gagiur's Jewellery Boutique.
 81547 | Bazaar   | Found Moteeci's Food Shop.
 81946 | Depths:5 | Found a gate to the Realm of Zot.
 82147 | Depths:5 | Found a gateway to a ziggurat.
 82251 | Depths:5 | Found a runed door.
 82424 | Depths:5 | Reached XP level 27. HP: 190/233 MP: 34/34
 82790 | Depths:4 | Found a corrupted altar of Lugonu.
 83819 | Depths:4 | Reached skill level 15 in Dodging
 84241 | Depths:4 | Found a gateway to a bazaar.
 84250 | Bazaar   | Entered a bazaar
 84250 | Bazaar   | Found Leifeop's Armour Boutique.
 84250 | Bazaar   | Found Vimibut's Distillery.
 84250 | Bazaar   | Found Doinuhirgh's Magic Scroll Shop.
 84250 | Bazaar   | Found Diphirua's Magic Scroll Shoppe.
 84252 | Bazaar   | Found Wuteabeleu's Assorted Antiques.
 84263 | Bazaar   | Bought a leatherbound manual for 315 gold pieces
 84288 | Bazaar   | Bought a scroll of recharging for 104 gold pieces
 84288 | Bazaar   | Bought a scroll of silence for 82 gold pieces
 84288 | Bazaar   | Bought a scroll of enchant weapon for 82 gold pieces
 84291 | Bazaar   | Bought a potion of heal wounds for 80 gold pieces
 84291 | Bazaar   | Bought a potion of might for 64 gold pieces
 84291 | Bazaar   | Bought a potion of curing for 48 gold pieces
 84291 | Bazaar   | Bought a potion of invisibility for 128 gold pieces
 84291 | Bazaar   | Bought a potion of heal wounds for 80 gold pieces
 84291 | Bazaar   | Bought a potion of agility for 64 gold pieces
 84291 | Bazaar   | Bought a potion of heal wounds for 80 gold pieces
 84291 | Bazaar   | Bought a potion of heal wounds for 80 gold pieces
 84296 | Bazaar   | Bought a +0 large shield for 76 gold pieces
 84310 | Bazaar   | Bought a scroll of summoning for 85 gold pieces
 84310 | Bazaar   | Bought a scroll of identify for 18 gold pieces
 84310 | Bazaar   | Bought a scroll of identify for 18 gold pieces
 84310 | Bazaar   | Bought a scroll of identify for 18 gold pieces
 84310 | Bazaar   | Bought a scroll of identify for 18 gold pieces
 84328 | Bazaar   | Bought a scroll of identify for 22 gold pieces
 84328 | Bazaar   | Bought a scroll of identify for 22 gold pieces
 84328 | Bazaar   | Bought a scroll of identify for 22 gold pieces
 86766 | Swamp:4  | Entered Level 4 of the Swamp
 86854 | Swamp:4  | Noticed Charly's ghost (journeyman MiFi)
 86886 | Swamp:4  | Killed Charly's ghost
 86984 | Swamp:4  | HP: 6/233 [six-headed hydra[a spriggan druid] (11)]
 87481 | Swamp:4  | Got a decaying rune of Zot
 88110 | Slime:1  | Entered Level 1 of the Pits of Slime
 88167 | Slime:2  | Found a viscous altar of Jiyva.
 88280 | Slime:3  | Found a viscous altar of Jiyva.
 88498 | Slime:4  | Gained mutation: Your magical capacity is low. (-10% MP) [a shining eye]
 88526 | Slime:4  | Gained mutation: Your body sometimes deteriorates upon taking damage. [a shining eye]
 88623 | Slime:5  | Entered Level 5 of the Pits of Slime
 88984 | Slime:5  | Noticed the Royal Jelly
 89006 | Slime:5  | Killed the Royal Jelly
 89777 | Slime:5  | Got a sparkling ruby amulet
 89778 | Slime:5  | Identified the amulet "Emon Vut" {Inacc MP+9} (You found it on level 5 of the Pits of Slime)
 89833 | Slime:5  | mistymad: рь
 89833 | Slime:5  | mistymad: hm
 89894 | Slime:5  | Got a slimy rune of Zot
 90212 | Elf:1    | Bought a scroll of identify for 26 gold pieces
 90212 | Elf:1    | Bought a scroll of remove curse for 39 gold pieces
 90212 | Elf:1    | Bought a scroll of enchant armour for 97 gold pieces
 90212 | Elf:1    | Bought a scroll of summoning for 123 gold pieces
 90212 | Elf:1    | Bought a scroll of recharging for 123 gold pieces
 90212 | Elf:1    | Bought a scroll of identify for 26 gold pieces
 90212 | Elf:1    | Bought a scroll of fog for 26 gold pieces
 90212 | Elf:1    | Bought a scroll of enchant armour for 97 gold pieces
 90711 | Vaults:4 | Reached skill level 15 in Axes
 91821 | Vaults:5 | Entered Level 5 of the Vaults
 91829 | Vaults:5 | Noticed Bai Suzhen
 92393 | Vaults:5 | Escaped the Abyss
 92439 | Vaults:4 | murphy: i'm back
 92624 | Vaults:4 | murphy: anything interesting happened?
 92625 | Vaults:4 | murphy: u did elf?
 92625 | Vaults:4 | mistymad: y
 92625 | Vaults:4 | murphy: got something good?
 92625 | Vaults:4 | mistymad: nope =(
 92625 | Vaults:4 | murphy: but u have a gold dragon armour?
 92625 | Vaults:4 | murphy: and large shield
 92625 | Vaults:4 | mistymad: u.. 2 gda
 92625 | Vaults:4 | murphy: where have u found the gda?
 92625 | Vaults:4 | mistymad: XD one give me juiva XD
 92625 | Vaults:4 | murphy: nice
 92625 | Vaults:4 | murphy: so u did slime already?
 92625 | Vaults:4 | mistymad: y.
 92625 | Vaults:4 | murphy: cool
 92625 | Vaults:4 | mistymad: slive / depts / swamp
 92625 | Vaults:4 | murphy: and that ring with confuse?
 92625 | Vaults:4 | murphy: does it work?
 92625 | Vaults:4 | mistymad: vaults and rest
 92625 | Vaults:4 | murphy: or is the confuse a problem?
 92625 | Vaults:4 | mistymad: its worst ring ever XD
 92625 | Vaults:4 | murphy: yes?
 92625 | Vaults:4 | mistymad: need force more for confuse XD
 92625 | Vaults:4 | murphy: :/
 92631 | Vaults:4 | murphy: but are still wearing it
 92741 | Vaults:4 | mistymad: mo rElec
 92741 | Vaults:4 | mistymad: no =(
 92742 | Vaults:5 | mistymad: i need it =(
 92750 | Vaults:5 | murphy: Bai Suzhen
 92750 | Vaults:5 | mistymad: y
 93106 | Vaults:4 | Killed Bai Suzhen
 94421 | Vaults:4 | mistymad: nice drain...
 94778 | Vaults:5 | Got a crude morningstar {crush}
 94779 | Vaults:5 | Identified the +6 morningstar of the Hidden Beds {crush, rF+ Dex+2} (You took it off a frost giant on level 5 of the Vaults)
 95285 | Vaults:5 | Got a clouded marble ring
 95286 | Vaults:5 | Identified the ring "Jooceroj" {rCorr rC+} (You found it on level 5 of the Vaults)
 96148 | Vaults:5 | Got a silver rune of Zot
 96937 | Depths:5 | Noticed a juggernaut
 96947 | Depths:5 | Killed a juggernaut
 96987 | Depths:5 | mistymad: heh
 97222 | Depths:5 | Got a scorched crystal plate armour
 97233 | Depths:5 | Identified the +1 crystal plate armour of Paranoia {Int+3} (You found it on level 5 of the Depths)
 97245 | Depths:5 | Got a pair of transparent gloves
 97257 | Depths:5 | Identified the +1 pair of gloves "Ilishuwnu" {rPois Slay+2} (You found it on level 5 of the Depths)
 97314 | Depths:5 | mistymad: only one questions.... 15 runes or zot? XD
 97314 | Depths:5 | mistymad: now rest anyway... but next.. hm
 97314 | Depths:5 | murphy: hm...
 97314 | Depths:5 | murphy: yes 15 runes why not
 97314 | Depths:5 | murphy: u have wand of healing
 97314 | Depths:5 | mistymad: torment realy painfull =(
 97314 | Depths:5 | murphy: hm....
 97314 | Depths:5 | murphy: yeah
 97314 | Depths:5 | murphy: hm...
 97314 | Depths:5 | murphy: do abyss maybe
 97314 | Depths:5 | mistymad: 3 silence... and i dont have immolate for tomb =(
 97314 | Depths:5 | mistymad: y... abbys
 97314 | Depths:5 | mistymad: pan.
 97314 | Depths:5 | mistymad: ty.. bb =)
 97314 | Depths:5 | mistymad: gn
 97314 | Depths:5 | murphy: gn8
 97314 | Depths:5 | mistymad: ^_^
 97314 | Depths:5 | Upgraded the game from 0.19-a0-1071-g4ed3155 to 0.19-a0-1079-g88a7474
 97356 | Zot:1    | Entered Level 1 of the Realm of Zot
 98729 | Zot:2    | Identified a +1 pair of boots of running (You found it on level 2 of the Realm of Zot)
 98855 | Zot:2    | Identified a scroll of acquirement
100396 | Zot:3    | Noticed an orb of fire
100408 | Zot:3    | Gained mutation: Your body often deteriorates upon taking damage. [an orb of fire]
100413 | Zot:3    | Gained mutation: You occasionally shout uncontrollably at your foes. [an orb of fire]
100443 | Zot:3    | Gained mutation: Your system is resistant to poisons. (rPois) [an orb of fire]
100446 | Zot:3    | Lost mutation: Your muscles are strong. (Str +2) [an orb of fire]
100458 | Zot:3    | Gained mutation: Scrolls take you a little longer to read. [an orb of fire]
100467 | Zot:3    | Killed an orb of fire
101841 | Abyss:1  | HP: 9/242 [poisoned by a green draconian]
102370 | Zot:4    | Escaped the Abyss
103414 | Zot:5    | Entered Level 5 of the Realm of Zot
103742 | Zot:5    | Lost mutation: Your magical capacity is low. (-10% MP) [mutagenic meat]
103752 | Zot:4    | Gained mutation: You are partially covered in molten scales. (AC +2) [mutagenic meat]
103755 | Zot:4    | Gained mutation: Your flesh is heat resistant. (rF+) [mutagenic meat]
104238 | Pan      | Entered Pandemonium
104284 | Pan      | arkorax: yo dawg
104307 | Pan      | arkorax: whats with the weapon?
104333 | Pan      | mistymad: hi. no one executioner axe =(
104333 | Pan      | arkorax: heyo
104333 | Pan      | arkorax: any battleaxes of freezing?
104337 | Pan      | arkorax: would be much better
104351 | Pan      | mistymad: ty
104584 | Pan      | Found an exit through the horrors of the Abyss.
104653 | Pan      | Gained mutation: Armour fits poorly on your strangely shaped body. [a cacodemon]
104914 | Pan      | Entered the realm of Gloorx Vloq.
105474 | Pan      | Found an exit through the horrors of the Abyss.
106392 | Pan      | Noticed Gloorx Vloq
106429 | Pan      | Killed Gloorx Vloq
107039 | Pan      | Got a dark rune of Zot
107202 | Pan      | Found an exit through the horrors of the Abyss.
108099 | Pan      | Noticed Nihuvv Seru the pandemonium lord
108129 | Pan      | Killed Nihuvv Seru the pandemonium lord
108369 | Pan      | Noticed Recuraem the pandemonium lord
108383 | Pan      | Killed Recuraem the pandemonium lord
108631 | Pan      | Identified a +9 executioner's axe of distortion (a +9 executioner's axe of draining corrupted by Lugonu)
108631 | Pan      | Received a gift from Lugonu
108883 | Pan      | Noticed Helirgheg the pandemonium lord
108900 | Pan      | Killed Helirgheg the pandemonium lord
108971 | Pan      | Lost mutation: Your spells are a little harder to cast, but a little more powerful. [a cacodemon]
108985 | Pan      | Entered the realm of Cerebov.
109660 | Pan      | Found an exit through the horrors of the Abyss.
110035 | Pan      | Got a twitching steel ring
110038 | Pan      | Identified the ring "Zecsal" {rN+ Str+8} (You took it off a balrug in Pandemonium)
110432 | Pan      | Got a pair of encrusted gloves
110435 | Pan      | Identified the cursed -7 pair of gloves of Generosity {Dex+4} (You found it in Pandemonium)
110462 | Pan      | Noticed Cerebov
110503 | Pan      | Killed Cerebov
110809 | Pan      | Got a fiery rune of Zot
110837 | Pan      | Identified the Incunabulum of Transmigration and Fire
111038 | Pan      | Entered the realm of Mnoleg.
111071 | Pan      | Lost mutation: Your body often deteriorates upon taking damage. [mutagenic meat]
111076 | Pan      | Gained mutation: You are clumsy. (Dex -2) [a cacodemon]
111102 | Pan      | Gained mutation: Your muscles are strong. (Str +2) [a neqoxec]
111184 | Pan      | Noticed Mnoleg
111192 | Pan      | Gained mutation: You are dopey. (Int -2) [a neqoxec]
111204 | Pan      | Gained mutation: Scrolls take you longer to read. [a neqoxec]
111370 | Pan      | Gained mutation: Scrolls take you much longer to read. [a neqoxec]
111371 | Pan      | Lost mutation: You are partially covered in molten scales. (AC +2) [a neqoxec]
111377 | Pan      | Gained mutation: Your body often deteriorates upon taking damage. [a neqoxec]
111534 | Pan      | Got a transparent silver ring
111538 | Pan      | Identified the ring of Bodily Harmony {*Corrode +Inv rElec MR+ Int+6} (You found it in Pandemonium)
111681 | Pan      | Got a glowing rune of Zot
111757 | Pan      | Turgon: &dump mistymad
111760 | Pan      | beem: http://CRAWL.XTAHUA.COM/crawl/morgue/mistymad/mistymad.txt
111781 | Pan      | mistymad: hi
111937 | Pan      | Turgon: hi
112049 | Pan      | Found an exit through the horrors of the Abyss.
113311 | Pan      | Noticed Qeneqiat the pandemonium lord
114220 | Pan      | Found an exit through the horrors of the Abyss.
114713 | Pan      | Found an exit through the horrors of the Abyss.
114881 | Pan      | Gained mutation: You are very dopey. (Int -4) [a neqoxec]
115186 | Pan      | Entered the realm of Lom Lobon.
115186 | Pan      | Found an exit through the horrors of the Abyss.
116722 | Pan      | mistymad: ??lom
116722 | Pan      | beem: lom lobon[1/3]: Guardian of the magical rune of Zot. Has some dangerous spells: glaciate, conjure ball lightning, major healing, tornado, blink range. But is not particularly robust, normal speed and is rather easy to steal from. Also, his melee is anti-magic.
117945 | Pan      | Noticed Lom Lobon
117968 | Pan      | Got a magical rune of Zot
118615 | Pan      | murphy: hi
118615 | Pan      | mistymad: hi =)
118615 | Pan      | murphy: i died many times
118619 | Pan      | murphy: stupid death :(
118619 | Pan      | murphy: killed myself
118619 | Pan      | murphy: was to tired
118619 | Pan      | murphy: now i'm on a losing streak
118619 | Pan      | murphy: XD
118619 | Pan      | mistymad: yeah) but its normal XD im do it too many times
118619 | Pan      | Turgon: ??YASD
118619 | Pan      | murphy: your distort weapon going good?
118619 | Pan      | beem: yasd[1/1]: Yet another stupid death.
118619 | Pan      | mistymad: in losing streak game give u weapon of u dead or many deads)
118619 | Pan      | mistymad: http://crawl.xtahua.com/crawl/morgue/mistymad/morgue-mistymad-20160613-094432.txt like this
118619 | Pan      | mistymad: K - the +8 great sword "mistymad's Death" {antimagic, -Tele rElec rPois rC++} (You found it on level 4 of the Shoals)
118619 | Pan      | mistymad: XD
118619 | Pan      | mistymad: not for formicid) but not bad
118624 | Pan      | murphy: lol
118696 | Pan      | murphy: your distort weapon going good?
118703 | Pan      | murphy: u banished pan lords?
118703 | Pan      | mistymad: y.
118703 | Pan      | murphy: i'm kind of jealous that u get to win a formicid before it do
118703 | Pan      | murphy: ;P
118703 | Pan      | murphy: *i
118703 | Pan      | mistymad: it my first distortion weapon)
118703 | Pan      | mistymad: just do it too)
118703 | Pan      | murphy: wow
118703 | Pan      | murphy: u have 30 sh
118703 | Pan      | mistymad: but im not win)
118703 | Pan      | murphy: 39
118703 | Pan      | murphy: 39 sh
118703 | Pan      | murphy: how u have so much
118703 | Pan      | mistymad: amulet
118703 | Pan      | murphy: ah wow
118703 | Pan      | ReniFell: great one
118703 | Pan      | murphy: never seen so much shield i think
118708 | Pan      | murphy: very hard to hit u
118712 | Pan      | ReniFell: i died with 45 sh
118792 | Pan      | mistymad: me2
118792 | Pan      | mistymad: XD many times
119024 | Pan      | murphy: have u done abyss?
120245 | Pan      | Noticed Deyruak the pandemonium lord
120254 | Pan      | Killed Deyruak the pandemonium lord
120445 | Pan      | mistymad: nope
120445 | Pan      | mistymad: after pan
120445 | Pan      | epen: good morning
120445 | Pan      | mistymad: O_O hi)
120494 | Pan      | mistymad: О_о so many people
121223 | Pan      | Reached skill level 27 in Armour
121262 | Pan      | epen: &dump mistymad
121265 | Pan      | beem: http://CRAWL.XTAHUA.COM/crawl/morgue/mistymad/mistymad.txt
121346 | Pan      | Gained mutation: You sometimes yell uncontrollably at your foes. [a cacodemon]
121349 | Pan      | Reached skill level 27 in Fighting
121350 | Pan      | Gained mutation: You are frail. (-10% HP) [a cacodemon]
121380 | Pan      | epen: >int 2
121380 | Pan      | Noticed Lom Lobon
121460 | Pan      | epen: in abyss
121460 | Pan      | murphy: omg
121461 | Pan      | epen: now
121644 | Abyss:1  | HP: 8/224 [disintegration (27)]
121651 | Abyss:1  | Gained mutation: You are very frail. (-20% HP) [a cacodemon]
121725 | Abyss:1  | murphy: formicid is really challenging in extended
121945 | Abyss:1  | murphy: really cool species to play
121948 | Abyss:1  | murphy: easy at start
121964 | Abyss:1  | murphy: and gets herder the futher u play
121968 | Abyss:1  | murphy: and gets harder the further u play
122182 | Abyss:1  | murphy: maybe get the rune now?
122347 | Abyss:1  | joew: depart?
122350 | Abyss:1  | mistymad: lom?
122823 | Abyss:1  | murphy: maybe scroll of holy?
122988 | Abyss:1  | joew: why not depart abyss while you heal up?
123007 | Abyss:1  | mistymad: lom lomom waiting me
123007 | Abyss:1  | murphy: pan lord waiting for him
123007 | Abyss:1  | joew: oooh
123007 | Abyss:1  | murphy: he went here to escape
123007 | Abyss:1  | joew: didn't understand lom, wasn't watching earlier
123065 | Abyss:1  | Got a twisted executioner's axe
123067 | Abyss:1  | Identified the +12 executioner's axe of Seah {freeze, rC+ rN+} (You acquired it on level 1 of the Abyss)
123124 | Abyss:1  | murphy: damn this is intense
123124 | Abyss:1  | mistymad: [You do not regenerate naturally.]
123146 | Abyss:1  | Found a corrupted altar of Lugonu.
123147 | Abyss:1  | murphy: yes u are fucked up
123147 | Abyss:1  | Turgon: heal wounds?
123314 | Abyss:1  | murphy: oh
123322 | Abyss:1  | murphy: if u leave through a gat u aren't put back into pan
123322 | Abyss:1  | mistymad: no need mutch more. tormenrors and others
123322 | Abyss:1  | murphy: u go back to depth?
123322 | Abyss:1  | murphy: someone knows
123322 | Abyss:1  | murphy: usually i enter abyss and leave to get out of pan
123322 | Abyss:1  | mistymad: i dont XD its my first lugonu
123337 | Abyss:1  | murphy: ouch
123349 | Abyss:1  | Turgon: heal!
123358 | Abyss:1  | Turgon: You shouldn't die with 10 pots hw!
123407 | Abyss:1  | murphy: heal
123681 | Abyss:1  | Turgon: and why don
123685 | Abyss:1  | murphy: oh cool
123685 | Abyss:1  | Turgon: and why don't you quaff cure mut?
123685 | Abyss:1  | Turgon: To get rid off bad mut
123685 | Abyss:1  | Turgon: ah, ok
123685 | Abyss:1  | mistymad: https://www.youtube.com/watch?v=gYkACVDFmeg XD
123685 | Abyss:1  | Turgon: it was temporary
123685 | Abyss:1  | junb69: it's a transient mutation not permanent
123685 | Abyss:1  | mistymad: it temp
123685 | Abyss:1  | Turgon: yes, I saw it
123685 | Abyss:1  | mistymad: ... meybe realy quaff one ore two... but i think. i need to do int after pan...
123685 | Abyss:1  | murphy: that's a good song =)
123747 | Abyss:1  | junb69: i think if you depart the abyss you go back in pan
123747 | Abyss:1  | Turgon: well, most important is that you did mnoleg's level already
123747 | Abyss:1  | murphy: not sure if he get's there if he lescapes through a gate
123747 | Abyss:1  | mistymad: try)
123777 | Abyss:1  | Gained mutation: Your spells are a little easier to cast, but a little less powerful. [a neqoxec]
123815 | Pan      | Escaped the Abyss
123819 | Pan      | Turgon: lol
123821 | Pan      | Turgon: hi lom
123822 | Pan      | junb69: :/
123824 | Pan      | junb69: any phantom mirror?
123831 | Pan      | mistymad: y
123857 | Pan      | junb69: mirror him
123861 | Pan      | Noticed Veda the pandemonium lord
123862 | Pan      | Turgon: careful
123864 | Abyss:1  | mistymad: hm...
123991 | Abyss:1  | Noticed an ancient lich
123995 | Abyss:1  | Killed an ancient lich
124022 | Abyss:1  | Turgon: eating royal takes less turns than bread/meat afaik
124025 | Abyss:1  | mistymad: rly? ty)
124025 | Abyss:1  | Turgon: ??royal jelly
124025 | Abyss:1  | beem: royal jelly[1/2]: 2000 nutrition with no other effects. For the boss of the Slime Pits, see {the royal jelly}.
124025 | Abyss:1  | mistymad: i dont know it. ty
124034 | Abyss:1  | Turgon: ??royal jelly [2]
124034 | Abyss:1  | beem: the royal jelly[1/7]: Boss of the Slime Pits. Damage causes the creation of high-level Js such as acid blobs and azure jellies, which will never be on the other side of a wall and give no experience. When killed, the level allows teleport control, and the loot chamber walls become transparent and diggable.
124363 | Abyss:1  | Turgon: Oh, I was wrong with royal jelly
124412 | Abyss:1  | Turgon: It also takes 30 aut (= usually 3 turns)
124482 | Pan      | Escaped the Abyss
124493 | Pan      | Gained mutation: You frequently scream uncontrollably at your foes. [a neqoxec]
124499 | Pan      | Turgon: http://crawl.chaosforge.org/Food#Nutritional_values_of_food_items
124534 | Pan      | Killed Veda the pandemonium lord
124593 | Pan      | Killed Lom Lobon
124610 | Pan      | junb69: well done
124610 | Pan      | mistymad: ...
124610 | Pan      | mistymad: gm... lom find me... im never stealing tunes XD
124610 | Pan      | mistymad: runes
124610 | Pan      | mistymad: im bad thief
125215 | Pan      | Noticed Eneunuafi the pandemonium lord
125216 | Pan      | mistymad: disco pam
125216 | Pan      | mistymad: disco disco
125216 | Pan      | simples: Are you dead?
125216 | Pan      | Turgon: I don't like it, it's dangerous
125216 | Pan      | mistymad: 2 disco pan in a raw
125216 | Pan      | murphy: oh there is a rune
125216 | Pan      | mistymad: prewios DECj find it 2
125216 | Pan      | murphy: get it
125219 | Pan      | murphy: oh
125220 | Pan      | murphy: it changes colors
125220 | Pan      | simples: ip
125220 | Pan      | murphy: cool
125271 | Abyss:1  | Turgon: I'd play more carefully
125271 | Abyss:1  | mistymad: i know...
125271 | Abyss:1  | mistymad: im do much mo wrong action..
125271 | Abyss:1  | mistymad: im try kill cocodemon and dig wall
125300 | Abyss:1  | Turgon: You take so many risks!
125986 | Abyss:1  | Lost mutation: Your muscles are strong. (Str +2) [a neqoxec]
126032 | Abyss:1  | Gained mutation: You are extremely frail. (-30% HP) [a neqoxec]
126068 | Abyss:1  | Gained mutation: You are very clumsy. (Dex -4) [a neqoxec]
126558 | Pan      | Escaped the Abyss
126558 | Pan      | simples: wait
126559 | Pan      | simples: have you got corrupt
126559 | Pan      | simples: oh
126571 | Pan      | Demolished by a green death

Vault maps used:
D:1:      dpeg_arrival_ratfight, minmay_distorted
D:2:      uniq_sigmund
D:3:      minmay_strange_pillars, makhleb_blood_cavern_becter,
          uniq_crazy_yiuf_cottage
D:4:      first_bread, kennysheep_okawaru_gauntlet, uniq_grinder, uniq_edmund
D:5:      johnstein_pakellas_death_squad, serial_shops, nicolae_shop_crystal,
          lemuel_statue_altar, uniq_pikel
D:6:      uniq_eustachio
D:8:      lemuel_ratsnest, uniq_grum
D:9:      hangedman_pestilent_swarm, st_stairs_9, lightli_wizard_tower
D:10:     due_lair_maze_entry_diamond, serial_shops, shop, shop, uniq_fannar,
          uniq_sonja
D:11:     orc_0_dummy, kennysheep_potato, uniq_erica
D:12:     special_room, portal_ice_cave_entry_ice_beasts, lemuel_nasty_fountain
D:13:     lightli_vaults_fourway_checkpoint, grunt_ministairs_1, uniq_nessos,
          uniq_erolcha
D:14:     serial_shops, shop, hangedman_abyss_or_decor_slice
D:15:     gammafunk_enter_depths_forms, minmay_misc_feat_rows
Lair:1:   special_room, lemuel_fruit_tree, uniq_nergalle
Lair:2:   kennysheep_rathole, spider_nest_entry_web_field,
          bh_autumn_forest_stairs, grunt_megastairs_2, lemuel_fruit_fields
Lair:3:   minmay_swamp_entry_swarm, grunt_megastairs_1
Lair:4:   enter_volcano_2
Lair:5:   dpeg_oklob_gauntlet
Lair:6:   wormcave, hangedman_lair_caniforms_friends, slime_altar_2,
          serial_bayou_shore_b, lemuel_fruit_fields
Swamp:1:  hangedman_swamp_ruin_wall, uniq_aizul, uniq_louise
Swamp:2:  nicolae_swamp_round_clearing, swamp_pool3, st_shrine_of_shade
Swamp:3:  evilmike_swamp_ruin_house_4
Swamp:4:  swamp_fiery, swamp_pool3, statue_in_the_mist_lemuel
Spider:1: spider_trap
Spider:2: nicolae_spider_cling_ruins
Spider:3: guppyfry_spider_mini_1, uniq_arachne
Spider:4: spider_rune_water, uniq_donald
Slime:2:  basic_altar
Slime:3:  basic_altar
Orc:1:    basic_altar, uniq_maurice
Orc:2:    st_orc_open, serial_shops, shop, mines2_david
Elf:1:    serial_shops, nicolae_shop_crystal, nicolae_shop_behind_doors, shop,
          nicolae_shop_trees, kennysheep_underground_church, minivault_16,
          minmay_shop_grove, uniq_agnes
Elf:3:    grunt_elf_hall_branching, serial_shops, shop, minmay_fountain_box,
          grunt_ministairs_1
Vaults:1: hangedman_vaults_nodes, v_misc_18, vaults_standard_mumra_lines,
          nicolae_vaults_border_crossing, hangedman_vaults_cutoff,
          hangedman_vaults_river_flow, nicolae_vaults_branching_niches,
          vaults_room_pool, nicolae_vaults_gold_heap, v_misc_23,
          grunt_vaults_focal, ontoclasm_vaults_twist, enter_trove_3
Vaults:2: vaults_room_pool, hangedman_vaults_stretched_pinwheel, v_misc_4,
          ontoclasm_vaults_ring_square, nicolae_vaults_rhombus_5,
          nicolae_vaults_little_squares_2, ontoclasm_vaults_loading_screen,
          serial_shops, shop
Vaults:3: hangedman_vaults_locks, ontoclasm_vaults_idyll,
          nicolae_vaults_back_hallway, vaults_dpeg_encased_lava,
          minmay_crypt_entry_simple_plaza, vaults_room_grid,
          nicolae_vaults_mini_display_case, v_misc_22
Vaults:4: nicolae_vaults_alarming, v_misc_24, v_misc_32,
          nicolae_vaults_quartermaster, v_alt_pattern_1, ontoclasm_vaults_spin,
          vaults_room_grid, vaults_standard_mumra_x, hangedman_vaults_snaps,
          ontoclasm_vaults_tryst, grunt_vaults_twisty, nicolae_vaults_asterisk,
          v_misc_8, nicolae_vaults_specimen_jars
Vaults:5: uniq_bai_suzhen
Crypt:2:  cheibrodos_crypt_down_in_the_bonehoard, uniq_khufu
Crypt:3:  grunt_crypt_end_deaths_head, uniq_margery
Depths:1: serial_column_ruins, column_ruins_hut, column_ruins_hut,
          column_ruins_columns_straight, column_ruins_open_small,
          column_ruins_grid_2, column_ruins_grid_1, kennysheep_cluttered_room,
          pan_entry, abyss_entry, hell_entry, small_chamber_with_monster,
          grunt_absolute_annihilation
Depths:2: minmay_roctagon, serial_shops, shop, nicolae_lava_and_water,
          grunt_hell_entry_dis_old, kennysheep_generic_room_3
Depths:3: minmay_sliced_demisemicircle, rand_demon_pan_entry_4, hell_entry,
          grunt_decor_resistance, kennysheep_random_hallway, uniq_boris
Depths:4: hangedman_arrow_trap, serial_shops, bzr_entry_customers,
          minmay_misc_feat_roman, abyss_entry_flame_altar,
          pf_hell_entry_tar_spiral, serial_bayou_lagoon_a,
          minmay_staircase_statues
Depths:5: grunt_zot_entry_tricorne, enter_ziggurat_f, rand_demon_pan_entry_7,
          minivault_11, serial_sigils, serial_sigils_hangedman_clutch,
          serial_sigils_hangedman_leer, serial_sigils_hangedman_stare,
          serial_sigils_hangedman_snap, serial_sigils_hangedman_gnaw,
          serial_sigils_hangedman_scratch, serial_shops, bzr_entry_safe,
          hell_entry, minmay_st_funbox
Zot:3:    grunt_zot_stairs_mandelzot, nicolae_zot_crop_circle
Abyss:1:  evilmike_abyss_exit_chaos, lemuel_flamethrower_3
Pan:      grunt_pan_frozen_over, pan_blood_fountain_small,
          evilmike_mini_pan_thingy, gloorx_vloq_st, nicolae_pan_mnolegish_3,
          rand_demon_4, pan_blood_fountain, nicolae_pan_gloorx_vloqian_3,
          evilmike_mini_pan_branches, pan_blood_fountain_small, rand_demon_4,
          evilmike_mini_pan_pillars_b, nicolae_pan_cerebovesque_1,
          evilmike_mini_pan_doors, nicolae_pan_mnolegish_5, rand_demon_3,
          pan_blood_fountain, cerebov_grunt_fire_and_steel,
          evilmike_mnoleg_eyes, evilmike_mini_pan_diamond,
          nicolae_pan_door_chamber, pan_blood_fountain_small, uniq_mnoleg,
          evilmike_mini_pan_thingy, pan_blood_fountain, evilmike_mini_pan_V,
          reaverb_pan_chaos_star, nicolae_pan_double_arrow,
          evilmike_mini_pan_corridor, nicolae_pan_giant_door, special_room,
          pan_blood_fountain_small, nicolae_pan_lom_lobonic_2, rand_demon_1,
          pan_blood_fountain_small, rand_demon_6, nicolae_pan_cerebovesque_1,
          nicolae_pan_sigil_obb, nicolae_pan_sick_transit,
          evilmike_mini_pan_rooms, uniq_mnoleg, rand_demon_8,
          pan_blood_fountain_2, rand_demon_4, pan_blood_fountain_small,
          lom_lobon_spiral_st, special_room, evilmike_mini_pan_branches,
          pan_blood_fountain_small, grunt_pan_zigzag,
          nicolae_pan_gloorx_vloqian_3, nicolae_pan_sigil_eeng,
          grunt_pan_in_and_out, uniq_lom_lobon, regret_index_pan_draining_boxed,
          uniq_mennas_pan, rand_demon_9, nicolae_pan_hourglass, uniq_lom_lobon,
          reaverb_pan_squares, nicolae_pan_mnolegish_5, pan_disco_hall,
          uniq_mnoleg
Bazaar:   bazaar_minmay_trees, bazaar_minmay_generic_island
IceCv:    ice_cave_small_necro
Volcano:  volcano_grotto

Skill      XL: |  1  2  3  4  5  6  7  8  9 10 11 12 13 14 15 16 17 18 19 20 21 22 23 24 25 26 27 |
---------------+----------------------------------------------------------------------------------+-----
Dodging        | 1 2 4 6 7 9 10 11 12 13 14 21 | 21.3
Armour         | 3 4 5 6 8 9 10 12 13 14 15 16 17 18 19 20 21 22 27 | 27.0
Axes           | 3 4 5 6 7 8 10 11 12 13 14 25 | 25.2
Fighting       | 4 5 7 8 9 11 12 13 14 15 16 17 18 19 20 21 22 27 | 27.0
Maces & Flails | 4 6 7 8 10 11 12 14 15 16 17 | 17.1
Invocations    | 5 7 8 10 11 12 14 15 | 15.4
Shields        | 1 5 8 9 11 12 13 14 15 24 | 24.6
Evocations     | 6 8 |  8.6

Action                   |  1- 3 |  4- 6 |  7- 9 | 10-12 | 13-15 | 16-18 | 19-21 | 22-24 | 25-27 || total
-------------------------+-------+-------+-------+-------+-------+-------+-------+-------+-------++-------
Melee: Hand axe          |   128 |   242 |       |       |       |       |       |       |       ||   370
       Whip              |       |     4 |     8 |       |       |       |       |   141 |       ||   153
       Flail             |       |     5 |   283 |  1414 |  2051 |       |       |       |       ||  3753
       Great mace        |       |       |    19 |    34 |   106 |       |   178 |       |  1680 ||  2017
       Dagger            |       |       |       |     2 |       |       |       |       |       ||     2
       Morningstar       |       |       |       |       |   407 |  2609 |   436 |       |       ||  3452
       Dire flail        |       |       |       |       |       |   243 |  1388 |  1398 |  1496 ||  4525
       Battleaxe         |       |       |       |       |       |       |   148 |    21 |  2830 ||  2999
       Eveningstar       |       |       |       |       |       |       |       |   622 |       ||   622
       Executioner's axe |       |       |       |       |       |       |       |       |  2031 ||  2031
Invok: Depart the Abyss  |     1 |       |       |       |       |       |     2 |       |     2 ||     5
       Banish            |       |       |       |       |       |     2 |     4 |       |       ||     6
       Bend Space        |       |       |       |       |       |       |     4 |     2 |     4 ||    10
       Corrupt           |       |       |       |       |       |       |     3 |     1 |       ||     4
       Enter the Abyss   |       |       |       |       |       |       |     2 |       |     5 ||     7
       Brand Weapon With |       |       |       |       |       |       |       |       |     1 ||     1
 Abil: Dig               |     2 |     3 |     3 |    24 |    43 |    43 |    11 |    13 |   110 ||   252
       Stop Flying       |       |       |       |       |       |       |       |     1 |       ||     1
Evoke: Wand              |       |       |       |    17 |       |       |    11 |     2 |    42 ||    72
       Sack of spiders   |       |       |       |       |       |       |     1 |       |     1 ||     2
       Phantom mirror    |       |       |       |       |       |       |     1 |       |       ||     1
  Use: Scroll            |       |     6 |     6 |     8 |     5 |    13 |     5 |     6 |    65 ||   114
       Potion            |       |     1 |     2 |     2 |       |     6 |    10 |     2 |    25 ||    48
 Stab: Confused          |       |       |       |     1 |       |       |       |       |     1 ||     2
       Paralysed         |       |       |       |       |       |       |     1 |       |       ||     1
       Distracted        |       |       |       |       |       |       |       |       |     7 ||     7
       Petrifying        |       |       |       |       |       |       |       |       |     1 ||     1
  Eat: Chunk             |     3 |     9 |    11 |    38 |    47 |    50 |    41 |    31 |    93 ||   323
       Fruit             |       |       |       |     9 |       |    13 |    12 |     2 |    33 ||    69
       Pizza             |       |       |       |       |     1 |     3 |     1 |     1 |     4 ||    10
       Beef jerky        |       |       |       |       |       |       |     2 |     6 |    13 ||    21
       Bread ration      |       |       |       |       |       |       |       |       |    11 ||    11
Armor: Leather armour    |    30 |       |       |       |       |       |       |       |       ||    30
       Ring mail         |    19 |    11 |       |    57 |       |       |       |       |       ||    87
       Plate armour      |       |   149 |   237 |  1070 |   691 |  1082 |   690 |   503 |    77 ||  4499
       Crystal plate arm |       |       |       |       |       |       |       |       |   282 ||   282
       Gold dragon armou |       |       |       |       |       |       |       |       |  2057 ||  2057
Dodge: Dodged            |    81 |    67 |   121 |   559 |   388 |   510 |   459 |   349 |  2077 ||  4611
Block: Shield            |       |       |       |    91 |  2136 |  2404 |  1963 |  1680 |  1462 ||  9736
       Reflection        |       |       |       |       |    30 |    40 |    73 |    94 |   311 ||   548
       Large shield      |       |       |       |       |       |       |       |       |  7813 ||  7813
